 Dungeon Crawl Stone Soup version 0.22-a0-247-gbddf880 (webtiles) character file.

36756 nikopol the Eclecticist (level 13, -4/66 HPs)
             Began as a Deep Elf Fire Elementalist on Feb 19, 2018.
             Was a High Priest of Sif Muna.
             Slain by a black mamba (13 damage)
             ... on level 6 of the Lair of Beasts on Feb 23, 2018.
             The game lasted 01:29:33 (19675 turns).

nikopol the Eclecticist (DEFE)                     Turns: 19675, Time: 01:29:34

Health: -4/66      AC:  7    Str:  5    XL:     13   Next: 54%
Magic:  4/45       EV: 15    Int: 26    God:    Sif Muna [*****.]
Gold:   802        SH:  0    Dex: 15    Spells: 4/46 levels left

rFire    . . .     SeeInvis +   E - staff of energy
rCold    . . .     Gourm    .   (no shield)
rNeg     . . .     Faith    .   l - +0 robe {MR+}
rPois    .         Spirit   .   K - +1 hat
rElec    +         Reflect  .   N - +2 cloak "Sisuomoa" {rElec SInv}
rCorr    .         Harm     .   (no gloves)
MR       ++...                  y - +0 pair of boots
Stlth    +++.......             (no amulet)
HPRegen  0.21/turn              j - ring of magical power
MPRegen  0.29/turn              t - ring of wizardry

@: lethally poisoned (-4 -> -20), about to teleport
A: no striking features
a: Divine Energy, Channel Magic, Forget Spell, Renounce Religion


You were on level 6 of the Lair of Beasts.
You worshipped Sif Muna.
Sif Muna was extremely pleased with you.
You were not hungry.

You visited 3 branches of the dungeon, and saw 17 of its levels.

You collected 802 gold pieces.

Inventory:

Armour
 l - a +0 robe of magic resistance (worn)
 y - a +0 pair of boots (worn)
 B - a +2 cloak of poison resistance
 K - a +1 hat (worn)
 N - the +2 cloak "Sisuomoa" (worn) {rElec SInv}
   (You found it on level 4 of the Lair of Beasts)

   It insulates you from electricity.
   It lets you see invisible.
Magical Staves
 E - an uncursed staff of energy (weapon)
Jewellery
 a - a +6 ring of protection
 f - an uncursed ring of resist corrosion
 j - a ring of magical power (left hand)
 t - a ring of wizardry (right hand)
 O - an uncursed ring of protection from cold
Wands
 i - a wand of scattershot (6)
 v - a wand of acid (8)
 z - a wand of polymorph (27)
 A - a wand of flame (17)
 D - a wand of paralysis (32)
 P - a wand of enslavement (6)
Scrolls
 e - 4 scrolls of magic mapping
 g - 3 scrolls of identify
 k - 6 scrolls of remove curse
 n - a scroll of fog
 q - 2 scrolls of enchant weapon
 r - 5 scrolls of teleportation
 F - 5 scrolls of amnesia
 I - 2 scrolls of fear
 L - 2 scrolls of enchant armour
Potions
 c - 6 potions of curing
 d - a potion of agility
 h - 4 potions of haste
 m - 2 potions of berserk rage
 o - a potion of mutation
 s - a potion of invisibility
 u - a potion of lignification
 C - a potion of flight
 G - 2 potions of ambrosia
 J - a potion of resistance
Comestibles
 b - 19 rations
 p - 3 chunks of flesh


   Skills:
 + Level 1.9 Fighting
 + Level 5.4 Dodging
 + Level 4.8 Stealth
 + Level 17.3 Spellcasting
 + Level 13.1 Conjurations
 + Level 1.0 Translocations
 + Level 14.0 Fire Magic
 + Level 2.7 Earth Magic


You had 4 spell levels left.
You knew the following spells:

 Your Spells              Type           Power        Failure   Level  Hunger
a - Flame Tongue          Conj/Fire      #####        0%          1    None
b - Throw Flame           Conj/Fire      ######       0%          2    None
c - Conjure Flame         Conj/Fire      #######.     1%          3    None
d - Fireball              Conj/Fire      #######...   1%          5    None
e - Sticky Flame          Conj/Fire      #######.     1%          4    None
f - Bolt of Magma         Conj/Fire/Erth ######....   1%          5    None
g - Lightning Bolt        Conj/Air       ######....   1%          5    None
h - Fire Storm            Conj/Fire      #######...   90%         9    None
i - Blink                 Tloc           N/A          1%          2    None
j - Bolt of Fire          Conj/Fire      #######...   1%          6    None


Dungeon Overview and Level Annotations

Branches:
Dungeon (10/15)            Temple (1/1) D:5            Lair (6/6) D:9
 Shoals (0/4) Lair:3       Spider (0/4) Lair:3        Slime (0/5) Lair:5
    Orc (0/2) D:10

Altars:
Ashenzari
Cheibriados
Dithmenos
Elyvilon
Fedhas
Gozag
Hepliaklqana
Kikubaaqudgha
Makhleb
Nemelex Xobeh
Okawaru
Qazlal
Ru
Sif Muna
Trog
Uskayaw
Vehumet
Wu Jian
Xom
Yredelemnul
Zin
The Shining One
Jiyva

Shops:
D:9 [


Message History

Evoke which item? (* to show all) (? for menu, Esc to quit)
Aiming: Paralyse
Press: ? - help, Shift-Dir - straight line, f/p - eight-headed hydra
Aim: an eight-headed hydra (heavily wounded, chance to defeat MR: 15%)
The eight-headed hydra resists with almost no effort.
You feel sick.
The black mamba burns!
The black mamba barely misses you. The black mamba bites you!
* * * LOW HITPOINT WARNING * * *
You are lethally poisoned!
The black mamba poisons you!
You feel better.
The black mamba burns!
The black mamba bites you. The black mamba bites you!
* * * LOW HITPOINT WARNING * * *
You are lethally poisoned!
The black mamba poisons you!
As you read the scroll of teleportation, it crumbles to dust.
You feel strangely unstable.
* * * LOW HITPOINT WARNING * * *
You feel sick.
The black mamba burns!
The black mamba bites you!
You die...

##<# #..## #...#
#P..# ##
##..P.##
P#.P##.#P...##.
...............
.......S..†....
.......@D[..†..
...#............
#....}........
#....#.#.....
##..# #......
#.. #..... ... .
... #./. ....


You could see an eight-headed hydra and a black mamba (burning).

Vanquished Creatures
  Gastronok (Lair:3)
  2 entropy weavers (Lair:5)
  2 hydras
  3 two-headed ogres
  A queen ant (Lair:5)
  Pikel (D:8)
  A wolf spider (Lair:4)
  A merfolk siren (Lair:3)
  5 black mambas
  A centaur zombie (D:8)
  Maurice (D:9)
  9 spiny frogs
  A rime drake (Lair:5)
  4 komodo dragons
  3 polar bears
  A hornet (Lair:3)
  3 blink frogs (Lair:1)
  6 dream sheep (Lair:6)
  6 hippogriffs
  Sigmund (D:2)
  31 yaks
  3 wyverns
  The ghost of tidbits the Skirmisher, an amateur GnWn (D:5)
  A basilisk (Lair:4)
  Menkaure (D:6)
  24 soldier ants
  13 water moccasins
  12 porcupines
  3 orc warriors
  An ice beast (D:9)
  3 sky beasts
  3 phantoms (D:4)
  3 centaurs
  7 ogres
  30 wolves (Lair:1)
  A necrophage (D:8)
  10 crocodiles
  12 bullfrogs
  A wyvern zombie (D:10)
  4 scorpions
  A wyvern skeleton (D:8)
  3 wights
  4 howler monkeys
  A bullfrog zombie (D:10)
  4 hounds
  9 orc priests
  A centaur skeleton (D:7)
  5 jellies
  7 orc wizards
  4 iguanas
  27 worker ants
  4 hound skeletons
  A howler monkey skeleton (D:4)
  14 adders
  3 shadow imps
  An ooze (D:4)
  2 adder zombies
  5 worms
  A dart slug (D:3)
  5 leopard geckos
  18 orcs
  6 giant cockroaches
  13 goblins
  7 hobgoblins
  17 jackals
  A quokka (D:7)
  7 bats
  2 frilled lizards (D:4)
  A jackal zombie (D:5)
  8 kobolds
  A leopard gecko skeleton (D:5)
  6 rats
  A fungus (Lair:4)
407 creatures vanquished.

Vanquished Creatures (others)
  A centaur (D:8)
  A howler monkey (D:8)
  A hound (D:8)
  An iguana (D:8)
  A worker ant (D:8)
  A quokka (D:8)
  13 fungi
  9 plants
28 creatures vanquished.

Grand Total: 435 creatures vanquished

Notes
Turn   | Place    | Note
-------+----------+-------------------------------------------
     0 | D:1      | nikopol the Deep Elf Fire Elementalist began the quest for the Orb.
     0 | D:1      | Reached XP level 1. HP: 10/10 MP: 6/6
   117 | D:1      | Reached XP level 2. HP: 15/15 MP: 4/8
   212 | D:1      | Upgraded the game from 0.22-a0-224-g8cf3520 to 0.22-a0-231-g1b571ea
   709 | D:1      | Reached XP level 3. HP: 19/19 MP: 8/10
   713 | D:1      | Learned a level 2 spell: Throw Flame
   717 | D:1      | Learned a level 3 spell: Conjure Flame
   941 | D:2      | Noticed Sigmund
   956 | D:2      | Killed Sigmund
   956 | D:2      | Reached skill level 5 in Spellcasting
   956 | D:2      | Reached skill level 5 in Fire Magic
   956 | D:2      | Reached XP level 4. HP: 24/24 MP: 6/13
   956 | D:2      | Reached XP level 5. HP: 28/28 MP: 6/14
  1767 | D:3      | Learned a level 5 spell: Fireball
  2161 | D:4      | Noticed a phantom
  2169 | D:4      | Killed a phantom
  2169 | D:4      | Reached XP level 6. HP: 4/32 MP: 15/16
  2723 | D:4      | Reached skill level 6 in Spellcasting
  2743 | D:4      | Reached XP level 7. HP: 31/36 MP: 5/18
  3313 | D:5      | Entered Level 5 of the Dungeon
  3397 | D:5      | Noticed tidbits's ghost (amateur GnWn)
  3426 | D:5      | Killed tidbits's ghost
  3426 | D:5      | Reached skill level 7 in Spellcasting
  3639 | D:5      | Reached XP level 8. HP: 41/41 MP: 21/21
  3751 | D:5      | Found a staircase to the Ecumenical Temple.
  3765 | Temple   | Entered the Ecumenical Temple
  3898 | Temple   | Became a worshipper of Sif Muna the Loreminder
  4239 | D:5      | Found a glowing golden altar of the Shining One.
  4693 | D:6      | Reached skill level 5 in Conjurations
  4796 | D:6      | Reached skill level 8 in Spellcasting
  5008 | D:6      | Noticed Menkaure
  5011 | D:6      | Killed Menkaure
  5113 | D:6      | Reached * piety under Sif Muna
  5595 | D:6      | Found a burning altar of Makhleb.
  5632 | D:5      | Reached skill level 9 in Spellcasting
  6313 | D:7      | Reached XP level 9. HP: 45/45 MP: 24/24
  6332 | D:7      | Noticed a two-headed ogre
  6336 | D:7      | Killed a two-headed ogre
  6336 | D:7      | Reached ** piety under Sif Muna
  6336 | D:7      | Reached skill level 10 in Spellcasting
  6535 | D:7      | Learned a level 4 spell: Sticky Flame
  7258 | D:8      | Found an opulent altar of Gozag.
  7270 | D:8      | Reached skill level 11 in Spellcasting
  7474 | D:8      | Found a shimmering altar of Xom.
  7638 | D:8      | Reached skill level 1 in Fighting
  7638 | D:8      | Reached XP level 10. HP: 52/52 MP: 27/27
  7726 | D:8      | Reached *** piety under Sif Muna
  7916 | D:8      | Noticed Pikel
  7983 | D:8      | Killed Pikel
  8045 | D:8      | Upgraded the game from 0.22-a0-231-g1b571ea to 0.22-a0-247-gbddf880
  8068 | D:9      | Noticed a two-headed ogre
  8115 | D:9      | Noticed Maurice
  8119 | D:9      | Killed Maurice
  8119 | D:9      | Reached skill level 10 in Fire Magic
  8275 | D:9      | Killed a two-headed ogre
  8275 | D:9      | Reached skill level 12 in Spellcasting
  8449 | D:9      | Reached **** piety under Sif Muna
  8578 | D:9      | Found Syptuv's Armour Emporium.
  9105 | D:9      | Reached XP level 11. HP: 56/56 MP: 14/29
  9493 | D:9      | Noticed a two-headed ogre
  9498 | D:9      | Killed a two-headed ogre
  9498 | D:9      | Reached skill level 13 in Spellcasting
  9498 | D:9      | Reached skill level 10 in Conjurations
  9576 | D:9      | Found a staircase to the Lair.
  9786 | D:10     | Entered Level 10 of the Dungeon
 10090 | D:10     | Reached ***** piety under Sif Muna
 10164 | D:10     | Found a staircase to the Orcish Mines.
 10390 | D:10     | Identified Sif Muna's Collected Works on Shifting Air (Sif Muna gifted it to you on level 10 of the Dungeon)
 10390 | D:10     | Received a gift from Sif Muna
 10404 | D:10     | Learned a level 5 spell: Bolt of Magma
 10761 | Lair:1   | Entered Level 1 of the Lair of Beasts
 11266 | Lair:1   | Noticed an eight-headed hydra
 11269 | Lair:1   | Killed an eight-headed hydra
 11269 | Lair:1   | Reached skill level 1 in Earth Magic
 11287 | Lair:1   | Reached skill level 14 in Spellcasting
 12454 | Lair:1   | Reached XP level 12. HP: 61/61 MP: 32/32
 12533 | Lair:1   | Identified Sif Muna's Collected Works on Attacks (Sif Muna gifted it to you on level 1 of the Lair of Beasts)
 12533 | Lair:1   | Received a gift from Sif Muna
 12544 | Lair:1   | Learned a level 5 spell: Lightning Bolt
 12554 | Lair:1   | Learned a level 9 spell: Fire Storm
 13445 | Lair:2   | Reached skill level 15 in Spellcasting
 14200 | Lair:2   | Reached skill level 5 in Dodging
 14429 | Lair:3   | Found a staircase to the Shoals.
 14490 | Lair:3   | Noticed a four-headed hydra
 14493 | Lair:3   | Killed a four-headed hydra
 14718 | Lair:3   | Noticed Gastronok
 14733 | Lair:3   | Killed Gastronok
 14943 | Lair:3   | Found a hole to the Spider Nest.
 15054 | Lair:3   | Reached skill level 16 in Spellcasting
 15697 | Lair:4   | Got a faintly humming cloak
 15708 | Lair:4   | Identified the +2 cloak "Sisuomoa" {rElec SInv} (You found it on level 4 of the Lair of Beasts)
 15965 | Lair:4   | Received a gift from Sif Muna
 16664 | Lair:4   | Learned a level 2 spell: Blink
 16772 | Lair:4   | Reached XP level 13. HP: 66/66 MP: 28/35
 17499 | Lair:5   | Noticed an entropy weaver
 18498 | Lair:5   | Noticed an entropy weaver
 18503 | Lair:5   | Killed an entropy weaver
 18503 | Lair:5   | Reached skill level 17 in Spellcasting
 18690 | Lair:5   | Found a staircase to the Slime Pits.
 18691 | Lair:5   | Found a viscous altar of Jiyva.
 19067 | Lair:5   | Learned a level 6 spell: Bolt of Fire
 19488 | Lair:5   | Killed an entropy weaver
 19488 | Lair:5   | Reached skill level 1 in Translocations
 19649 | Lair:6   | Entered Level 6 of the Lair of Beasts
 19675 | Lair:6   | Slain by a black mamba

Vault maps used:
D:1:      dpeg_arrival_stone_temple_mockup
D:2:      uniq_sigmund
D:5:      minmay_temple_entry_mist, serial_glass, glass_columns_b,
          glass_columns_a, glass_columns_a, glass_columns_a, glass_columns_a,
          glass_columns_a, first_ration, minmay_door_square,
          hangedman_abyss_or_decor_passed, tso_metal_star
D:6:      bloody_makhleb, uniq_menkaure
D:8:      old_standard_altar, xom_confusion_cloud, uniq_pikel
D:9:      lair_entry_dummy, serial_shops, shop, uniq_maurice
D:10:     orc_0_dummy
Temple:   minmay_crystal_snake_temple
Lair:1:   st_stairs_11, grunt_forest_large_clearings
Lair:3:   elwin_shoals_entry_rooms, nicolae_spider_entry_non_spiders,
          nicolae_quartered_pool_super, lemuel_another_geyser, uniq_gastronok
Lair:4:   minmay_lair_venomous_thicket, minivault_27, nzn_random_ring
Lair:5:   slime_altar_1, minivault_29
Lair:6:   evilmike_catoblepas_cave, serial_bayou_pond_a

Skill      XL: |  1  2  3  4  5  6  7  8  9 10 11 12 13 |
---------------+----------------------------------------+-----
Fire Magic     | 4 5 6 7 8 9 10 12 13 14 | 14.0
Stealth        | 3 4 |  4.8
Spellcasting   | 5 6 7 9 11 12 14 16 17 | 17.3
Conjurations   | 2 3 4 6 8 9 11 12 13 | 13.1
Dodging        | 3 4 5 |  5.4
Fighting       | 1 |  1.9
Earth Magic    | 1 2 |  2.7
Translocations | 1 |  1.0

Action                   |  1- 3 |  4- 6 |  7- 9 | 10-12 | 13-15 || total
-------------------------+-------+-------+-------+-------+-------++-------
Melee: Dagger            |       |       |     4 |       |       ||     4
 Cast: Flame Tongue      |    60 |    79 |   165 |   329 |   147 ||   780
       Conjure Flame     |     1 |     1 |     8 |    11 |       ||    21
       Throw Flame       |       |     8 |    36 |    88 |    72 ||   204
       Fireball          |       |       |    22 |    61 |     9 ||    92
       Sticky Flame      |       |       |     6 |    67 |    39 ||   112
       Bolt of Magma     |       |       |       |    18 |    19 ||    37
       Bolt of Fire      |       |       |       |       |    11 ||    11
       Blink             |       |       |       |       |     8 ||     8
Evoke: Wand              |       |       |       |       |     1 ||     1
  Use: Scroll            |       |       |     8 |    14 |     5 ||    27
       Potion            |       |       |       |     1 |     2 ||     3
  Eat: Chunk             |       |     5 |    13 |    25 |    10 ||    53
       Ration            |       |       |     2 |     1 |       ||     3
Armor: Robe              |     1 |     2 |     8 |    37 |    10 ||    58
Dodge: Dodged            |    15 |    10 |    29 |    91 |    21 ||   166

Table legend:
 A = Spawn XP
 B = Non-spawn XP
 C = Spawn XP percentage of total XP
 D = Spawn monster count
 E = Non-spawn monster count
 F = Spawn count percentage of total count
 G = Total turns spent on level
                    A         B        C        D         E        F      G
               +---------+---------+-------+---------+---------+-------+---------
         Total |       0 |   52509 |   0.0 |       0 |     406 |   0.0 | 19675
               +---------+---------+-------+---------+---------+-------+---------
           D:1 |       0 |      41 |   0.0 |       0 |      23 |   0.0 |   746
           D:2 |       0 |     255 |   0.0 |       0 |       9 |   0.0 |   585
           D:3 |       0 |      61 |   0.0 |       0 |      20 |   0.0 |   736
           D:4 |       0 |     569 |   0.0 |       0 |      20 |   0.0 |  1246
           D:5 |       0 |     655 |   0.0 |       0 |      18 |   0.0 |  1452
           D:6 |       0 |    1032 |   0.0 |       0 |      20 |   0.0 |  1165
           D:7 |       0 |    1843 |   0.0 |       0 |      25 |   0.0 |  1291
           D:8 |       0 |    2599 |   0.0 |       0 |      28 |   0.0 |   864
           D:9 |       0 |    5422 |   0.0 |       0 |      33 |   0.0 |  1691
          D:10 |       0 |     704 |   0.0 |       0 |      16 |   0.0 |   917
        Lair:1 |       0 |    9155 |   0.0 |       0 |      53 |   0.0 |  1714
        Lair:2 |       0 |    4028 |   0.0 |       0 |      21 |   0.0 |  1742
        Lair:3 |       0 |    7481 |   0.0 |       0 |      29 |   0.0 |  1329
        Lair:4 |       0 |    4703 |   0.0 |       0 |      22 |   0.0 |  1735
        Lair:5 |       0 |   12181 |   0.0 |       0 |      62 |   0.0 |  2236
        Lair:6 |       0 |    1780 |   0.0 |       0 |       7 |   0.0 |    26
               +---------+---------+-------+---------+---------+-------+---------
